 Dungeon Crawl Stone Soup version 0.31-a0-819-gf6de2f5ab6 (webtiles) character file.

Game seed: 3389334291204096839

50 qw the Shooter (level 3, -1/22 HPs)
             Began as a Gargoyle Hunter on Sept 23, 2023.
             Slain by a goblin
             ... wielding a +0 dagger
             ... led by Robin
              (2 damage)
             ... on level 2 of the Dungeon.
             The game lasted 00:00:30 (705 turns).

qw the Shooter (Gargoyle Hunter)                     Turns: 705, Time: 00:00:31

Health: -1/22      AC:  8    Str: 14    XL:     3   Next: 79%
Magic:  3/3        EV: 10    Int:  9    God:
Gold:   25         SH:  0    Dex: 15    Spells: 2/2 levels left

rFire   . . .        Y - +2 shortbow
rCold   . . .        (shield currently unavailable)
rNeg    + . .        l - +0 ring mail
rPois   inf          (no helmet)
rElec   +            (no cloak)
rCorr   .            (no gloves)
SInv    .            (no boots)
Will    +....        (no amulet)
Stlth   +            n - ring of willpower
HPRegen 0.23/turn    (no ring)
MPRegen 0.08/turn

%: no passive effects
@: about to teleport
A: sickness immunity, AC +3, negative energy resistance 1, electricity
resistance, torment resistance 1, petrification resistance
a: no special abilities


You were on level 2 of the Dungeon.
You visited 1 branch of the dungeon, and saw 2 of its levels.

You collected 25 gold pieces.


Innate Abilities, Weirdness & Mutations

You are immune to sickness and miasma.
Your stone body is resilient. (AC +3)
You are immune to poison.
You resist negative energy. (rN+)
You are resistant to electric shocks. (rElec)
You are resistant to unholy torment.
You are immune to petrification.


   Skills:
 + Level 2.7 Fighting
 - Level 5.0 Ranged Weapons
 - Level 1.0 Armour
 - Level 1.5 Dodging
 - Level 1.1 Stealth


You had 2 spell levels left.
You didn't know any spells.
Your spell library was empty.

Inventory:

Hand Weapons
 Y - a +2 shortbow (weapon)
Armour
 l - a +0 ring mail (worn)
Jewellery
 n - a ring of willpower (left hand)
Scrolls
 b - a scroll of identify
Potions
 g - a potion of heal wounds {unknown}

Dungeon Overview and Level Annotations

Branches:
Dungeon (2/15)

Altars:

Annotations:
D:2 Robin


Message History

You shoot an arrow. The arrow hits the goblin.
You kill the goblin!
The goblin barely misses you. The goblin closely misses you.
The goblin hits you but does no damage.
You shoot an arrow. The arrow completely misses the goblin.
The goblin hits you but does no damage. The goblin misses you.
The goblin closely misses you. The goblin hits you but does no damage.
You shoot an arrow. The arrow hits the goblin!
You kill the goblin!
The goblin hits you but does no damage. The goblin barely misses you. x2
You shoot an arrow. The arrow hits the goblin.
You kill the goblin!
The goblin hits you with a +0 club.
The goblin hits you but does no damage. x2
The kobold hits you with a +0 dagger. The goblin hits you with a +0 dagger.
You shoot an arrow. The arrow closely misses the kobold.
The goblin barely misses you. The kobold hits you but does no damage.
The goblin barely misses you.
You shoot an arrow. The arrow closely misses the kobold.
The arrow closely misses Robin.
The goblin hits you but does no damage. The kobold closely misses you.
The goblin hits you but does no damage.
You shoot an arrow. The arrow hits the kobold.
You kill the kobold!
The goblin hits you but does no damage. The goblin closely misses you.
Robin misses you.
The goblin hits you but does no damage. x2
You shoot an arrow. The arrow hits Robin.
Robin is moderately wounded.
The goblin no longer looks unusually strong.
The goblin hits you with a +0 club. The goblin barely misses you.
Robin closely misses you.
You shoot an arrow.
The arrow hits Robin but does no damage.
Robin is moderately wounded.
The goblin hits you with a +0 club. The goblin hits you with a +0 dagger.
Robin hits you with a +0 mace.
705 ||| READING scroll of teleportation.
As you read the scroll of teleportation, it crumbles to dust.
You feel strangely unstable. The goblin hits you with a +0 club.
The goblin hits you with a +0 dagger.
You die...

#....# .....
#.##.#######....
#.##.#........# .
#####.##.#........##..)
##.........%..........).
...########........##..
#.............#........
#.#############g##)#####
...............g@g......
#.#############)##.#####
#.# ... .... .. #.#
####.# ###.# ## #.#
#..... #.# #.# #.##.#
#.# #.# #.##.# #.#
#.####.##.###.#.#
#.......<........


You could see Robin and 2 goblins.

Vanquished Creatures
  2 dart slugs (D:1)
  7 bats (D:1)
  An endoplasm (D:1)
  2 giant cockroaches
  12 goblins
  4 hobgoblins (D:1)
  3 kobolds
  3 quokkas
  3 ball pythons (D:1)
  A frilled lizard (D:1)
  5 rats (D:1)
43 creatures vanquished.

Notes
Turn   | Place    | Note
-------+----------+-------------------------------------------
     0 | D:1      | qw the Gargoyle Hunter began the quest for the Orb.
     0 | D:1      | Reached XP level 1. HP: 12/12 MP: 1/1
     0 | D:1      | 0 ||| qw: Version: 0.3-a-83-gcd0e7d8
     0 | D:1      | 0 ||| qw: Game counter: 1690
     0 | D:1      | 0 ||| qw: Melee chars always use a shield: true
     0 | D:1      | 0 ||| qw: God list: Okawaru
     0 | D:1      | 0 ||| qw: Allow faded altars: false
     0 | D:1      | 0 ||| qw: Do Orc after clearing Dungeon:15 true
     0 | D:1      | 0 ||| qw: Do second Lair branch before Depths: true
     0 | D:1      | 0 ||| qw: Lair rune preference: random
     0 | D:1      | 0 ||| qw: Goals: Normal
     0 | D:1      | 0 ||| PLANNING D:1-11
    89 | D:1      | Reached XP level 2. HP: 17/17 MP: 2/2
   319 | D:1      | Reached XP level 3. HP: 21/21 MP: 3/3
   377 | D:1      | Reached skill level 5 in Ranged Weapons
   507 | D:1      | 507 ||| UPGRADING to +0 ring mail.
   517 | D:1      | 517 ||| DROPPING +0 leather armour.
   518 | D:1      | 518 ||| UPGRADING to ring of willpower.
   519 | D:1      | 519 ||| READING 2 scrolls labelled TOLOARECRU.
   522 | D:1      | 522 ||| READING scroll labelled CAEKOM JERA.
   523 | D:1      | 523 ||| READING scroll labelled KIGHEI PONI.
   524 | D:1      | 524 ||| READING scroll labelled OWKUBL GIRIATE.
   525 | D:1      | 525 ||| READING scroll labelled GUGRAEX OLEOWN.
   526 | D:1      | 526 ||| READING 2 scrolls labelled CAITUKK BOGAST.
   527 | D:1      | 527 ||| READING scroll labelled NUSEWO NUTI.
   528 | D:1      | 528 ||| READING scroll labelled QOSECSEFFY.
   529 | D:1      | 529 ||| DROPPING scroll of butterflies.
   530 | D:1      | 530 ||| DROPPING scroll of immolation.
   559 | D:2      | 559 ||| READING scroll of enchant weapon.
   559 | D:2      | 559 ||| ENCHANTING +1 shortbow.
   690 | D:2      | Reached skill level 1 in Armour
   691 | D:2      | Noticed Robin
   704 | D:2      | HP: 4/22 [goblin/+0 dagger[Robin] (5)]
   705 | D:2      | 705 ||| READING scroll of teleportation.
   705 | D:2      | HP: 1/22 [goblin/+0 club[Robin] (2)]
   705 | D:2      | Slain by a goblin

Levels and vault maps discovered:
D:1:      mrwooster_arrival_arrow, layout_basic, minmay_pentomino_o2
D:2:      layout_basic, serial_shops, shop, basic_altar, uniq_robin

Skill      XL: |  1  2  3 |
---------------+----------+-----
Ranged Weapons | 5 |  5.0
Armour         | 1 |  1.0
Fighting       | |  2.7
Dodging        | |  1.5
Stealth        | |  1.1

Action                     || total
---------------------------++-------
   Fire: Shortbow          ||   133
    Use: Scroll            ||    10
 Armour: Leather armour    ||    32
         Ring mail         ||    29
  Dodge: Dodged            ||    45

Table legend:
 A = Non-vault XP
 B = Vault XP
 C = Vault XP percentage of total XP
 D = Non-vault monster count
 E = Vault monster count
 F = Vault count percentage of total count
                 A         B        C        D         E       F
            +---------+---------+-------+---------+---------+-------
      Total |      55 |      17 |  23.6 |      33 |      10 |  23.3
            +---------+---------+-------+---------+---------+-------
        D:1 |      47 |       1 |   2.1 |      28 |       1 |   3.4
        D:2 |       8 |      16 |  66.7 |       5 |       9 |  64.3
            +---------+---------+-------+---------+---------+-------
